[Event "GER-ch Youth U14 2019"]
[Site "Willingen"]
[Date "2019.06.09"]
[Round "2.2"]
[White "Pubantz, Jan"]
[Black "Laux, Dominik"]
[Result "1-0"]
[ECO "D11"]
[WhiteElo "2192"]
[BlackElo "2061"]
[Annotator "NA"]
[PlyCount "52"]
[EventDate "2019.06.07"]
[EventType "swiss"]
[EventRounds "9"]
[EventCountry "GER"]
[SourceTitle "playchess.com"]
[Source "ChessBase"]
[SourceQuality "1"]
[TimeControl "40/5400+30:1800+30"]

1. d4 d5 2. c4 c6 3. Nf3 Nf6 4. e3 e6 5. b3 Bd6 6. Bb2 O-O 7. Bd3 Nbd7 8. O-O Re8 9. Ne5 Qc7 10. f4 Ne4 11. Bxe4 dxe4 12. Nc3 f5 13. g4 b6 14. Kh1 Ba6 15. Rg1 Nf6 16. g5 Nd7 17. Qh5 Bxe5 18. fxe5 b5 19. cxb5 cxb5 20. Rac1 Qb7 21. Ne2 b4 22. Nf4 Nb6 23. g6 h6 24. Rc5 Rac8 25. Rgc1 Rxc5 26. Rxc5 Nd7 {[%emt 0:01:01] normal} 1-0

[Event "GER-ch Youth U14 2019"]
[Site "Willingen"]
[Date "2019.06.09"]
[Round "2.3"]
[White "Arakelian, Aik"]
[Black "Colbow, Collin"]
[Result "0-1"]
[ECO "B24"]
[WhiteElo "1911"]
[BlackElo "2169"]
[Annotator "NA"]
[PlyCount "58"]
[EventDate "2019.06.07"]
[EventType "swiss"]
[EventRounds "9"]
[EventCountry "GER"]
[SourceTitle "playchess.com"]
[Source "ChessBase"]
[SourceQuality "1"]
[TimeControl "40/5400+30:1800+30"]

1. e4 c5 2. Nc3 Nc6 3. Nf3 e5 4. Bc4 d6 5. d3 h6 6. Be3 g6 7. Qd2 Bg7 8. h3 Nge7 9. g4 Nd4 10. Nh2 Be6 11. f4 d5 12. exd5 Nxd5 13. Bxd4 cxd4 14. Nxd5 Bxd5 15. O-O-O Bxh1 16. Rxh1 O-O 17. f5 Kh7 18. Nf3 b5 19. Bb3 a5 20. a3 a4 21. Ba2 gxf5 22. g5 e4 23. Nh4 e3 24. Qe1 Qxg5 25. Rg1 Qf6 26. Rf1 f4 27. Bd5 Rae8 28. Be4+ Rxe4 29. dxe4 d3 {[%emt 0:00:17] normal} 0-1

[Event "GER-ch Youth U14 2019"]
[Site "Willingen"]
[Date "2019.06.09"]
[Round "2.4"]
[White "Weihrauch, Jakob"]
[Black "Haack, Kevin"]
[Result "1-0"]
[ECO "B56"]
[WhiteElo "2158"]
[BlackElo "2033"]
[Annotator "NA"]
[PlyCount "61"]
[EventDate "2019.06.07"]
[EventType "swiss"]
[EventRounds "9"]
[EventCountry "GER"]
[SourceTitle "playchess.com"]
[Source "ChessBase"]
[SourceQuality "1"]
[TimeControl "40/5400+30:1800+30"]

1. e4 c5 2. Nf3 d6 3. d4 cxd4 4. Nxd4 Nf6 5. Nc3 e5 6. Bb5+ Nbd7 7. Nf5 a6 8. Bxd7+ Qxd7 9. Ne3 Qc6 10. Qd3 Be6 11. O-O Be7 12. Ncd5 Bxd5 13. exd5 Qc7 14. Nf5 O-O 15. c4 Rac8 16. b3 Rfe8 17. Bg5 Nxd5 18. Qxd5 Bxg5 19. Nxd6 Red8 20. Rad1 Rd7 21. Qxe5 Bf6 22. Qf5 Rcd8 23. Ne8 Qc6 24. Nxf6+ gxf6 25. Rxd7 Rxd7 26. Qg4+ Kh8 27. Re1 Rd8 28. h3 Qd6 29. Qe2 b6 30. a4 Qd3 31. Qe7 {[%emt 0:01:39] normal} 1-0

[Event "GER-ch Youth U14 2019"]
[Site "Willingen"]
[Date "2019.06.09"]
[Round "2.5"]
[White "Simukov, Erik"]
[Black "Gallasch, Jonas"]
[Result "1-0"]
[ECO "B18"]
[WhiteElo "1904"]
[BlackElo "2137"]
[Annotator "NA"]
[PlyCount "115"]
[EventDate "2019.06.07"]
[EventType "swiss"]
[EventRounds "9"]
[EventCountry "GER"]
[SourceTitle "playchess.com"]
[Source "ChessBase"]
[SourceQuality "1"]
[TimeControl "40/5400+30:1800+30"]

1. e4 c6 2. d4 d5 3. Nd2 dxe4 4. Nxe4 Bf5 5. Ng3 Bg6 6. Nh3 e6 7. Nf4 Bd6 8. c3 Nf6 9. h4 Qc7 10. Qf3 Nbd7 11. h5 Bc2 12. h6 g6 13. Bd3 Bxd3 14. Nxd3 O-O 15. Bg5 Be7 16. O-O Rfe8 17. Rfe1 Nd5 18. Bxe7 Rxe7 19. Ne4 f5 20. Nec5 Nxc5 21. Nxc5 Rae8 22. Nd3 Nf6 23. Ne5 Nd7 24. Nxd7 Rxd7 25. Re5 Rd5 26. Rae1 Rxe5 27. Rxe5 Qd8 28. Qe3 Kf7 29. Kf1 Qf6 30. c4 Re7 31. Ke1 g5 32. g4 f4 33. Qe4 Qg6 34. Qxg6+ Kxg6 35. Ke2 Kf6 36. Kf3 Rd7 37. Ke4 Rd8 38. b4 Rd7 39. a4 Rc7 40. Kd3 b6 41. c5 b5 42. axb5 cxb5 43. Ke4 Re7 44. c6 a6 45. Rc5 Rc7 46. d5 exd5+ 47. Kxd5 Ke7 48. Ke5 Rc8 49. Kf5 Kd6 50. Kxg5 Rxc6 51. Rxc6+ Kxc6 52. Kxf4 Kd7 53. Ke5 Ke7 54. g5 Kf7 55. f4 Kg6 56. f5+ Kxg5 57. f6 Kxh6 58. Ke6 {[%emt 0:00:00] normal} 1-0

[Event "GER-ch Youth U14 2019"]
[Site "Willingen"]
[Date "2019.06.09"]
[Round "2.6"]
[White "Musiolik, David"]
[Black "Farokhi, Keyvan"]
[Result "1-0"]
[ECO "B19"]
[WhiteElo "2132"]
[BlackElo "1963"]
[Annotator "NA"]
[PlyCount "153"]
[EventDate "2019.06.07"]
[EventType "swiss"]
[EventRounds "9"]
[EventCountry "GER"]
[SourceTitle "playchess.com"]
[Source "ChessBase"]
[SourceQuality "1"]
[TimeControl "40/5400+30:1800+30"]

1. e4 c6 2. d4 d5 3. Nc3 dxe4 4. Nxe4 Bf5 5. Ng3 Bg6 6. h4 h6 7. Nf3 Nd7 8. h5 Bh7 9. Bd3 Bxd3 10. Qxd3 e6 11. Bd2 Ngf6 12. O-O-O Be7 13. Kb1 O-O 14. Ne4 Nxe4 15. Qxe4 Nf6 16. Qe2 Qd5 17. Ne5 Qe4 18. Be3 Bd6 19. f3 Qd5 20. c4 Qa5 21. g4 Bxe5 22. Bd2 Qc7 23. Qxe5 Qxe5 24. dxe5 Nd7 25. Bb4 Nxe5 26. Bxf8 Kxf8 27. Rh3 Nxc4 28. f4 Nb6 29. Kc2 Nd5 30. Rf3 Rd8 31. a3 Ke7 32. g5 b6 33. Rg1 Rh8 34. f5 hxg5 35. Rxg5 exf5 36. Rgxf5 Nf6 37. Re5+ Kd6 38. Rg5 Nxh5 39. Rxf7 a5 40. Rff5 Nf6 41. Rxg7 Nd5 42. Rf2 Rh6 43. Re2 Rf6 44. Rg3 Rh6 45. Rf3 Rg6 46. Kb3 Rh6 47. Rg3 Rf6 48. Rh3 Rg6 49. Reh2 Kc5 50. Rh6 Rg3+ 51. Ka2 Kb5 52. Rc2 c5 53. Rd2 Rg5 54. Rd6 Ne3 55. Rh6 Nd5 56. Rd6 Ne3 57. Re2 Nc4 58. Rf6 a4 59. Rf4 Na5 60. Ree4 c4 61. Re1 Nb3 62. Rf2 Rc5 63. Rfe2 c3 64. Rc2 cxb2 65. Rxc5+ Nxc5 66. Re3 Ka5 67. Kxb2 b5 68. Kc3 Nb7 69. Re8 Nd6 70. Ra8+ Kb6 71. Kb4 Nc4 72. Rb8+ Ka6 73. Rxb5 Nxa3 74. Rc5 Nb1 75. Rc6+ Kb7 76. Rc2 a3 77. Kb3 {[%emt 0:00:05] normal} 1-0

[Event "GER-ch Youth U14 2019"]
[Site "Willingen"]
[Date "2019.06.09"]
[Round "2.7"]
[White "von Krosigk, Florian"]
[Black "Lutz, Ruben"]
[Result "1-0"]
[ECO "C06"]
[WhiteElo "1926"]
[BlackElo "2055"]
[Annotator "NA"]
[PlyCount "50"]
[EventDate "2019.06.07"]
[EventType "swiss"]
[EventRounds "9"]
[EventCountry "GER"]
[SourceTitle "playchess.com"]
[Source "ChessBase"]
[SourceQuality "1"]
[TimeControl "40/5400+30:1800+30"]

1. e4 e6 2. d4 d5 3. Nd2 Nf6 4. e5 Nfd7 5. Bd3 c5 6. c3 Nc6 7. Ne2 cxd4 8. cxd4 f6 9. Nf4 Nxd4 10. Qh5+ Ke7 11. Ng6+ hxg6 12. exf6+ Nxf6 13. Qxh8 Kf7 14. Qh4 e5 15. Nf3 Nxf3+ 16. gxf3 Bf5 17. Bxf5 gxf5 18. Bg5 Qa5+ 19. Kf1 Be7 20. Kg2 d4 21. Rhe1 Re8 22. Rad1 Qd5 23. Rc1 e4 24. Bxf6 Bxf6 25. Qh5+ Kf8 {[%emt 0:07:57] normal} 1-0

[Event "GER-ch Youth U14 2019"]
[Site "Willingen"]
[Date "2019.06.09"]
[Round "2.8"]
[White "Eilenberg, Jonas"]
[Black "Evering, Soeren"]
[Result "1/2-1/2"]
[ECO "D05"]
[WhiteElo "1934"]
[BlackElo "1879"]
[Annotator "NA"]
[PlyCount "59"]
[EventDate "2019.06.07"]
[EventType "swiss"]
[EventRounds "9"]
[EventCountry "GER"]
[SourceTitle "playchess.com"]
[Source "ChessBase"]
[SourceQuality "1"]
[TimeControl "40/5400+30:1800+30"]

1. d4 Nf6 2. Nf3 d5 3. e3 e6 4. Bd3 c5 5. c3 Nc6 6. O-O Bd6 7. Nbd2 O-O 8. dxc5 Bxc5 9. b4 Bd6 10. Bb2 Qc7 11. Qe2 Rd8 12. b5 Ne5 13. Nxe5 Bxe5 14. Nf3 Nd7 15. Rac1 Nc5 16. Nxe5 Qxe5 17. c4 Qg5 18. f4 Qh4 19. Rf3 Nxd3 20. Qxd3 dxc4 21. Qc3 f6 22. Rh3 Qg4 23. Rg3 Rd1+ 24. Rxd1 Qxd1+ 25. Kf2 Qd7 26. Qxf6 Qd2+ 27. Kf1 Qd1+ 28. Kf2 Qd2+ 29. Kf3 Qd1+ 30. Kf2 {[%emt 0:00:05] normal} 1/2-1/2

[Event "GER-ch Youth U14 2019"]
[Site "Willingen"]
[Date "2019.06.09"]
[Round "2.9"]
[White "Chassard, Cedric"]
[Black "Bethke, Richard"]
[Result "0-1"]
[ECO "B52"]
[WhiteElo "1772"]
[BlackElo "2246"]
[Annotator "NA"]
[PlyCount "85"]
[EventDate "2019.06.07"]
[EventType "swiss"]
[EventRounds "9"]
[EventCountry "GER"]
[SourceTitle "playchess.com"]
[Source "ChessBase"]
[SourceQuality "1"]
[TimeControl "40/5400+30:1800+30"]

1. e4 c5 2. Nf3 d6 3. Bb5+ Bd7 4. Bxd7+ Qxd7 5. c4 Nc6 6. d4 cxd4 7. Nxd4 g6 8. Nc3 Bg7 9. Be3 Nf6 10. f3 O-O 11. O-O Rfc8 12. b3 a6 13. a4 Qd8 14. Qd2 Nd7 15. Rab1 Qa5 16. Rfd1 Qb4 17. Nd5 Qxd2 18. Rxd2 Kf8 19. Kf2 Rab8 20. Nc3 Nc5 21. Ke2 Ke8 22. Kd1 h5 23. Ke2 Ne6 24. Nxe6 fxe6 25. Rc2 Kd7 26. Kd2 Bf6 27. Bb6 Nd4 28. Ra2 g5 29. a5 g4 30. Na4 Rg8 31. f4 Rbf8 32. Ke3 Nc6 33. Rd2 e5 34. Nc5+ Kc8 35. Ne6 exf4+ 36. Kd3 Rf7 37. Rf2 f3 38. gxf3 Bh4 39. Rff1 gxf3 40. Bf2 Bxf2 41. Rxf2 Ne5+ 42. Kd2 Ng4 43. Rg1 {[%emt 0:00:12] normal} 0-1

[Event "GER-ch Youth U14 2019"]
[Site "Willingen"]
[Date "2019.06.09"]
[Round "2.10"]
[White "Divry, Alexandre"]
[Black "Hetzner, Hannes"]
[Result "0-1"]
[ECO "D38"]
[WhiteElo "1654"]
[BlackElo "1996"]
[Annotator "NA"]
[PlyCount "89"]
[EventDate "2019.06.07"]
[EventType "swiss"]
[EventRounds "9"]
[EventCountry "GER"]
[SourceTitle "playchess.com"]
[Source "ChessBase"]
[SourceQuality "1"]
[TimeControl "40/5400+30:1800+30"]

1. d4 Nf6 2. c4 e6 3. Nf3 d5 4. Nc3 Bb4 5. Qa4+ Nc6 6. e3 O-O 7. a3 Be7 8. Bd3 Re8 9. O-O Bf8 10. cxd5 exd5 11. h3 Ne4 12. Qc2 Bf5 13. Nd2 Nxd2 14. Bxd2 Bxd3 15. Qxd3 Ne7 16. Rfc1 Ng6 17. Qb5 c6 18. Qxb7 Re6 19. Rc2 Nh4 20. Ne2 Qg5 21. Ng3 Rae8 22. e4 Qg6 23. Rac1 dxe4 24. Rxc6 Bd6 25. R6c3 f5 26. Qd5 f4 27. Qh5 e3 28. Bxe3 Qxh5 29. Nxh5 fxe3 30. fxe3 Rxe3 31. Rxe3 Rxe3 32. Rc8+ Kf7 33. Rd8 Ke7 34. Ra8 g6 35. Rxa7+ Kf8 36. Ra6 gxh5 37. Rxd6 Re2 38. Rf6+ Ke7 39. Rf2 Re1+ 40. Rf1 Re2 41. Rf2 Re1+ 42. Rf1 Re4 43. Rd1 Re2 44. Rb1 Rxg2+ 45. Kh1 {[%emt 0:00:00] normal} 0-1

[Event "GER-ch Youth U14 2019"]
[Site "Willingen"]
[Date "2019.06.09"]
[Round "2.11"]
[White "Roehr, Oliver"]
[Black "May, Ben-Iven"]
[Result "1-0"]
[ECO "B38"]
[WhiteElo "1960"]
[BlackElo "1692"]
[Annotator "NA"]
[PlyCount "67"]
[EventDate "2019.06.07"]
[EventType "swiss"]
[EventRounds "9"]
[EventCountry "GER"]
[SourceTitle "playchess.com"]
[Source "ChessBase"]
[SourceQuality "1"]
[TimeControl "40/5400+30:1800+30"]

1. e4 c5 2. Nf3 g6 3. c4 Bg7 4. d4 cxd4 5. Nxd4 Nc6 6. Be3 d6 7. Be2 Nf6 8. Nc3 O-O 9. O-O Bd7 10. Qd2 Rc8 11. b3 Re8 12. Rac1 Qa5 13. Rfd1 Nxd4 14. Bxd4 Bc6 15. f3 h5 16. Kh1 Kh7 17. Bxf6 Bxf6 18. Nd5 Qxd2 19. Nxf6+ exf6 20. Rxd2 Re6 21. Rcd1 Rd8 22. c5 Kg7 23. Bc4 Re5 24. cxd6 Rd7 25. a4 a6 26. Rc1 b5 27. Bf1 Bb7 28. axb5 axb5 29. b4 Re6 30. Rcd1 Bc6 31. Kg1 Kh6 32. Kf2 g5 33. Rd4 Kg6 34. g3 {[%emt 0:04:21] normal} 1-0

[Event "GER-ch Youth U14 2019"]
[Site "Willingen"]
[Date "2019.06.09"]
[Round "2.12"]
[White "Deutsch, Christoph"]
[Black "Haufe, Laurin"]
[Result "1-0"]
[ECO "B84"]
[WhiteElo "1937"]
[BlackElo "1995"]
[Annotator "NA"]
[PlyCount "69"]
[EventDate "2019.06.07"]
[EventType "swiss"]
[EventRounds "9"]
[EventCountry "GER"]
[SourceTitle "playchess.com"]
[Source "ChessBase"]
[SourceQuality "1"]
[TimeControl "40/5400+30:1800+30"]

1. e4 c5 2. Nf3 d6 3. d4 cxd4 4. Nxd4 Nf6 5. Nc3 a6 6. Be2 e6 7. Be3 Be7 8. O-O O-O 9. Kh1 Qc7 10. f4 Nc6 11. a4 Re8 12. Bf3 Nd7 13. f5 Nde5 14. g4 Nc4 15. Bc1 Nxd4 16. Qxd4 Bf6 17. Qd3 Ne5 18. Qe2 Nxf3 19. Rxf3 b6 20. g5 Be5 21. Rh3 exf5 22. Qh5 g6 23. Qxh7+ Kf8 24. Bf4 Bxc3 25. Rxc3 Qd8 26. Rd1 Re6 27. Rcd3 Bb7 28. Rxd6 Bxe4+ 29. Kg1 Qc8 30. Rd7 Qc5+ 31. R1d4 Qxd4+ 32. Rxd4 Ke7 33. c3 Bc6 34. Qg7 Ke8 35. Be5 {[%emt 0:00:26] normal} 1-0

[Event "GER-ch Youth U14 2019"]
[Site "Willingen"]
[Date "2019.06.09"]
[Round "2.13"]
[White "Kosev, Momchil"]
[Black "Gutewort, Paul Emil"]
[Result "1/2-1/2"]
[ECO "D00"]
[WhiteElo "1827"]
[BlackElo "1708"]
[Annotator "NA"]
[PlyCount "44"]
[EventDate "2019.06.07"]
[EventType "swiss"]
[EventRounds "9"]
[EventCountry "GER"]
[SourceTitle "playchess.com"]
[Source "ChessBase"]
[SourceQuality "1"]
[TimeControl "40/5400+30:1800+30"]

1. d4 d5 2. Bf4 Nf6 3. e3 Bf5 4. Nf3 e6 5. Ne5 Bd6 6. Be2 O-O 7. g4 Bg6 8. h4 h6 9. g5 hxg5 10. hxg5 Bxe5 11. dxe5 Nfd7 12. Bg4 Re8 13. Nd2 Nc6 14. Nf3 a6 15. Qe2 Nb4 16. Nd4 c5 17. a3 Qa5 18. Qd2 cxd4 19. Qxb4 Qxb4+ 20. axb4 dxe3 21. c3 exf2+ 22. Kxf2 f6 {[%emt 0:05:29] normal} 1/2-1/2

[Event "GER-ch Youth U14 2019"]
[Site "Willingen"]
[Date "2019.06.09"]
[Round "2.14"]
[White "Tham, Nam"]
[Black "Sinnhoefer, Joshua"]
[Result "1/2-1/2"]
[ECO "C54"]
[WhiteElo "1993"]
[BlackElo "1466"]
[Annotator "NA"]
[PlyCount "68"]
[EventDate "2019.06.07"]
[EventType "swiss"]
[EventRounds "9"]
[EventCountry "GER"]
[SourceTitle "playchess.com"]
[Source "ChessBase"]
[SourceQuality "1"]
[TimeControl "40/5400+30:1800+30"]

1. e4 e5 2. Nf3 Nc6 3. Bc4 Bc5 4. c3 Nf6 5. d3 a6 6. Bb3 d6 7. h3 Ba7 8. Nbd2 O-O 9. Nf1 d5 10. Qe2 Be6 11. Ng3 Qd7 12. O-O dxe4 13. dxe4 Bxb3 14. axb3 Qe6 15. b4 Ne8 16. Nf5 Nd6 17. N3h4 Ne7 18. Qg4 Ng6 19. Kh1 Kh8 20. Nf3 Qc4 21. Nd2 Qd3 22. Kg1 Nxf5 23. exf5 Nf4 24. Re1 f6 25. Nf1 Qc2 26. Ne3 Qb3 27. Ra3 Qf7 28. c4 Rad8 29. Rd1 Rxd1+ 30. Qxd1 Qe7 31. c5 Rd8 32. Qc2 Rd4 33. Kh2 Qd7 34. c6 Qc8 {[%emt 0:01:45] normal} 1/2-1/2

[Event "GER-ch Youth U14 2019"]
[Site "Willingen"]
[Date "2019.06.09"]
[Round "2.15"]
[White "Schulemann, Gero"]
[Black "Rockmann, Enno"]
[Result "1-0"]
[ECO "C07"]
[WhiteElo "1862"]
[BlackElo "1527"]
[Annotator "NA"]
[PlyCount "49"]
[EventDate "2019.06.07"]
[EventType "swiss"]
[EventRounds "9"]
[EventCountry "GER"]
[SourceTitle "playchess.com"]
[Source "ChessBase"]
[SourceQuality "1"]
[TimeControl "40/5400+30:1800+30"]

1. e4 e6 2. d4 d5 3. Nd2 c5 4. c3 Nc6 5. Ngf3 Qb6 6. exd5 exd5 7. Nb3 c4 8. Nbd2 Nf6 9. Be2 Bd6 10. O-O O-O 11. Re1 Qc7 12. Nf1 Ne4 13. Bxc4 Nxf2 14. Kxf2 dxc4 15. Kg1 Bg4 16. Be3 Rfe8 17. h3 Bh5 18. Bf2 Rxe1 19. Bxe1 Re8 20. Bf2 Qe7 21. Ne3 Bf4 22. Nxc4 b5 23. Na3 Be3 24. Qe2 b4 25. Nc4 {[%emt 0:01:29] normal} 1-0

[Event "GER-ch Youth U14 2019"]
[Site "Willingen"]
[Date "2019.06.09"]
[Round "2.16"]
[White "Wang, Xinyuan"]
[Black "Schubert, Nikita"]
[Result "1/2-1/2"]
[ECO "E32"]
[WhiteElo "2060"]
[BlackElo "1806"]
[Annotator "NA"]
[PlyCount "64"]
[EventDate "2019.06.07"]
[EventType "swiss"]
[EventRounds "9"]
[EventCountry "GER"]
[SourceTitle "playchess.com"]
[Source "ChessBase"]
[SourceQuality "1"]
[TimeControl "40/5400+30:1800+30"]

1. d4 Nf6 2. c4 e6 3. Nc3 Bb4 4. Qc2 O-O 5. a3 Bxc3+ 6. Qxc3 d5 7. Bg5 dxc4 8. Qxc4 b6 9. b4 c6 10. Nf3 Ba6 11. Qc2 h6 12. Bxf6 Qxf6 13. g3 Bb7 14. Bg2 Nd7 15. O-O Rfd8 16. Rfd1 Rac8 17. Rab1 Ba8 18. Qa4 Rc7 19. Rbc1 Rdc8 20. Nd2 c5 21. Bxa8 Rxa8 22. bxc5 bxc5 23. Ne4 Qe7 24. Qa5 Rac8 25. dxc5 Nxc5 26. Nd6 Rd8 27. Rxc5 Rcd7 28. Rc6 Rxd6 29. Rdxd6 Rxd6 30. Rxd6 Qxd6 31. Qxa7 Qd1+ 32. Kg2 Qxe2 {[%emt 0:00:05] normal} 1/2-1/2

[Event "GER-ch Youth U14 2019"]
[Site "Willingen"]
[Date "2019.06.09"]
[Round "2.17"]
[White "Seng, Alexander"]
[Black "Matthaei, Jakob"]
[Result "0-1"]
[ECO "E32"]
[WhiteElo "1505"]
[BlackElo "1666"]
[Annotator "NA"]
[PlyCount "86"]
[EventDate "2019.06.07"]
[EventType "swiss"]
[EventRounds "9"]
[EventCountry "GER"]
[SourceTitle "playchess.com"]
[Source "ChessBase"]
[SourceQuality "1"]
[TimeControl "40/5400+30:1800+30"]

1. d4 Nf6 2. c4 e6 3. Nc3 Bb4 4. Qc2 O-O 5. Nf3 d5 6. e3 c5 7. a3 Bxc3+ 8. bxc3 Nc6 9. Bd3 b6 10. a4 Ba6 11. cxd5 Bxd3 12. Qxd3 exd5 13. O-O c4 14. Qc2 Ne4 15. Nd2 Nxd2 16. Bxd2 Re8 17. Rfe1 Na5 18. e4 Nb3 19. Rad1 Qd7 20. exd5 Qxd5 21. Re3 Rxe3 22. Bxe3 Re8 23. Kf1 Rd8 24. Re1 Qa5 25. Bf4 Qxa4 26. Qe4 Qd7 27. d5 h6 28. Rd1 b5 29. d6 Nc5 30. Qe7 Nd3 31. Qxd7 Rxd7 32. Bg3 f5 33. f3 a6 34. h3 Kf7 35. Bh2 f4 36. Rxd3 cxd3 37. Bxf4 g5 38. Bg3 Ke6 39. Ke1 Kd5 40. Kd2 Kc4 41. Be5 a5 42. h4 gxh4 43. Kc1 a4 {[%emt 0:00:13] normal} 0-1

[Event "GER-ch Youth U14 2019"]
[Site "Willingen"]
[Date "2019.06.09"]
[Round "2.18"]
[White "Straub, Benno"]
[Black "Bress, Aaron"]
[Result "0-1"]
[ECO "B22"]
[WhiteElo "1490"]
[BlackElo "1849"]
[Annotator "NA"]
[PlyCount "40"]
[EventDate "2019.06.07"]
[EventType "swiss"]
[EventRounds "9"]
[EventCountry "GER"]
[SourceTitle "playchess.com"]
[Source "ChessBase"]
[SourceQuality "1"]
[TimeControl "40/5400+30:1800+30"]

1. e4 c5 2. c3 Nf6 3. e5 Nd5 4. Nf3 g6 5. d4 cxd4 6. cxd4 Bg7 7. Bc4 Nb6 8. Bb3 O-O 9. O-O Nc6 10. Re1 Na5 11. Bc2 d6 12. h3 dxe5 13. Nxe5 Be6 14. b3 Nd5 15. Bb2 Rc8 16. Qd2 Nc6 17. Nc3 Nxe5 18. dxe5 Nxc3 19. Bxc3 Qxd2 20. Bxd2 Rxc2 {[%emt 0:00:12] normal} 0-1

[Event "GER-ch Youth U14 2019"]
[Site "Willingen"]
[Date "2019.06.09"]
[Round "2.19"]
[White "Schauties, Nico Antonio"]
[Black "Kolmykov, Egor"]
[Result "1/2-1/2"]
[ECO "D85"]
[WhiteElo "1866"]
[BlackElo "1642"]
[Annotator "NA"]
[PlyCount "75"]
[EventDate "2019.06.07"]
[EventType "swiss"]
[EventRounds "9"]
[EventCountry "GER"]
[SourceTitle "playchess.com"]
[Source "ChessBase"]
[SourceQuality "1"]
[TimeControl "40/5400+30:1800+30"]

1. d4 Nf6 2. Nf3 g6 3. c4 Bg7 4. Nc3 d5 5. cxd5 Nxd5 6. e4 Nxc3 7. bxc3 c5 8. Bb2 O-O 9. Be2 Qc7 10. O-O Rd8 11. Qb3 Nc6 12. d5 Na5 13. Qc2 c4 14. Nd4 a6 15. Ba3 b5 16. Bb4 Bb7 17. a4 Bxd4 18. cxd4 Nb3 19. Rad1 a5 20. Ba3 b4 21. Qxc4 Qxc4 22. Bxc4 Nxd4 23. Bb2 Nc2 24. Rc1 Na3 25. Be2 Rac8 26. Bd3 e6 27. Rxc8 Bxc8 28. Rc1 Bd7 29. Bf6 Rc8 30. Rxc8+ Bxc8 31. Bb5 Nxb5 32. axb5 Kf8 33. Kf1 Ke8 34. Ke2 exd5 35. exd5 Bb7 36. f3 Bxd5 37. Kd3 Kd7 38. Kd4 {[%emt 0:01:32] normal} 1/2-1/2

[Event "GER-ch Youth U14 2019"]
[Site "Willingen"]
[Date "2019.06.09"]
[Round "2.20"]
[White "Roste, Hugo"]
[Black "Weidenhoefer, Max"]
[Result "1-0"]
[ECO "D16"]
[WhiteElo "1287"]
[BlackElo "1787"]
[Annotator "NA"]
[PlyCount "117"]
[EventDate "2019.06.07"]
[EventType "swiss"]
[EventRounds "9"]
[EventCountry "GER"]
[SourceTitle "playchess.com"]
[Source "ChessBase"]
[SourceQuality "1"]
[TimeControl "40/5400+30:1800+30"]

1. d4 d5 2. Nf3 Nf6 3. c4 c6 4. Nc3 dxc4 5. a4 Na6 6. e3 Bg4 7. Bxc4 e6 8. O-O Nb4 9. Qe2 Be7 10. Rd1 O-O 11. e4 Qc7 12. Bg5 Rfd8 13. h3 Bxf3 14. gxf3 Nh5 15. Bxe7 Qxe7 16. Rac1 Qf6 17. Qe3 Nf4 18. Kh2 Qh4 19. Bf1 Rd6 20. Ne2 Nxe2 21. Bxe2 f5 22. Kg2 Rf8 23. Bc4 Qe7 24. Qb3 a5 25. e5 Rdd8 26. Bxe6+ Kh8 27. f4 Nd5 28. Bxd5 Rxd5 29. Qe3 Rfd8 30. Rc2 Qd7 31. Rcd2 Kg8 32. Kf1 Kf7 33. Ke2 Qe6 34. Rc1 R5d7 35. Rc5 Rd5 36. Rxd5 Qxd5 37. b3 Ke6 38. Qd3 Rd7 39. Qc4 Rd8 40. Qxd5+ Kxd5 41. Ke3 b6 42. Rb2 Ke6 43. b4 axb4 44. Rxb4 Rb8 45. Rb1 Rb7 46. Kd3 h6 47. Kc4 Ra7 48. Rxb6 Rxa4+ 49. Kc5 Ra5+ 50. Kb4 Ra1 51. Rxc6+ Kd7 52. Rg6 Rd1 53. Rxg7+ Kd8 54. Kc5 Ra1 55. Kd6 Ra6+ 56. Kd5 Ke8 57. e6 h5 58. Ke5 Ra5+ 59. d5 {[%emt 0:00:00] normal} 1-0

[Event "GER-ch Youth U14 2019"]
[Site "Willingen"]
[Date "2019.06.09"]
[Round "2.21"]
[White "Bornholdt, Joa Max"]
[Black "Wildermuth, Nikolas Karl"]
[Result "1-0"]
[ECO "E92"]
[WhiteElo "1754"]
[BlackElo "1748"]
[Annotator "NA"]
[PlyCount "105"]
[EventDate "2019.06.07"]
[EventType "swiss"]
[EventRounds "9"]
[EventCountry "GER"]
[SourceTitle "playchess.com"]
[Source "ChessBase"]
[SourceQuality "1"]
[TimeControl "40/5400+30:1800+30"]

1. d4 d6 2. e4 g6 3. c4 Nf6 4. Nc3 Bg7 5. Nf3 O-O 6. Be2 e5 7. dxe5 dxe5 8. O-O c6 9. Qc2 Qc7 10. h3 h6 11. Be3 Be6 12. Rac1 Nbd7 13. Nd2 Ne8 14. c5 f5 15. f3 f4 16. Bf2 g5 17. Rfd1 Rf6 18. Bc4 Bxc4 19. Nxc4 Rc8 20. Rd3 Bf8 21. b4 Rg6 22. Rxd7 Qxd7 23. Nxe5 Qg7 24. Nxg6 Qxg6 25. Ne2 Rc7 26. Qc4+ Kh7 27. Nd4 Rd7 28. a4 h5 29. Kf1 Nf6 30. b5 Ng8 31. Ke2 Re7 32. Rd1 Nh6 33. Kd2 Nf7 34. Kc1 Ne5 35. Qb3 Re8 36. Nf5 cxb5 37. axb5 Qg8 38. Qxg8+ Kxg8 39. Kb2 Rc8 40. Rd5 Nf7 41. Kb3 Kh7 42. Rd7 Kg6 43. Rxb7 Bxc5 44. Bxc5 Rxc5 45. Kb4 Rc2 46. Rxa7 Rxg2 47. b6 Rb2+ 48. Kc5 g4 49. hxg4 hxg4 50. fxg4 Ne5 51. Rg7+ Kf6 52. g5+ Ke6 53. Nd4# {[%emt 0:00:00] normal} 1-0

[Event "GER-ch Youth U14 2019"]
[Site "Willingen"]
[Date "2019.06.09"]
[Round "2.22"]
[White "Wellssow, Keoki"]
[Black "Elsner, Robert"]
[Result "0-1"]
[ECO "A15"]
[WhiteElo "1509"]
[BlackElo "1745"]
[Annotator "NA"]
[PlyCount "46"]
[EventDate "2019.06.07"]
[EventType "swiss"]
[EventRounds "9"]
[EventCountry "GER"]
[SourceTitle "playchess.com"]
[Source "ChessBase"]
[SourceQuality "1"]
[TimeControl "40/5400+30:1800+30"]

1. c4 Nf6 2. g3 g6 3. Bg2 Bg7 4. Nc3 O-O 5. e3 d6 6. Nge2 e5 7. O-O Nbd7 8. d3 Ne8 9. f4 f5 10. e4 fxe4 11. Nxe4 exf4 12. Nxf4 Ne5 13. Rb1 Nf6 14. Nxf6+ Rxf6 15. Nd5 Rxf1+ 16. Qxf1 c6 17. Nc3 Ng4 18. Bh3 Bd4+ 19. Kg2 Nf2 20. Bxc8 Qxc8 21. Bf4 Qh3+ 22. Kf3 Qg4+ 23. Kg2 Rf8 {[%emt 0:00:04] normal} 0-1

[Event "GER-ch Youth U14 2019"]
[Site "Willingen"]
[Date "2019.06.10"]
[Round "3.1"]
[White "Weihrauch, Jakob"]
[Black "Krastev, Alexander"]
[Result "1/2-1/2"]
[ECO "C72"]
[WhiteElo "2158"]
[BlackElo "2344"]
[Annotator "ChessBase"]
[PlyCount "48"]
[EventDate "2019.06.07"]
[EventType "swiss"]
[EventRounds "9"]
[EventCountry "GER"]
[SourceTitle "playchess.com"]
[Source "ChessBase"]
[SourceQuality "1"]
[TimeControl "40/5400+30:1800+30"]

1. e4 e5 2. Nf3 Nc6 3. Bb5 a6 4. Ba4 d6 5. O-O Bd7 6. c3 Nf6 7. Re1 g6 8. d4 b5 9. Bc2 Bg7 10. Nbd2 O-O 11. Nf1 Re8 12. d5 Na5 13. Bg5 h6 14. Bxf6 Qxf6 15. Ne3 c5 16. dxc6 Bxc6 17. Nd5 Qd8 18. a4 Rc8 19. Nb4 Bb7 20. axb5 axb5 21. Qd3 Nc4 22. b3 Nb6 23. Ra5 f5 24. Rxb5 fxe4 {[%emt 0:03:00] normal} 1/2-1/2